[Event "35th European Club Cup 2019"]
[Site "Ulcinj"]
[Date "2019.11.16"]
[Round "7.8"]
[White "Bagi, Mate"]
[Black "Riff, Jean-Noel"]
[Result "1/2-1/2"]
[ECO "C47"]
[WhiteElo "2470"]
[BlackElo "2514"]
[Annotator "ChessBase"]
[PlyCount "59"]
[EventDate "2019.11.10"]
[EventType "team-tourn"]
[EventCountry "MNE"]
[SourceTitle "playchess.com"]
[Source "ChessBase"]
[SourceQuality "1"]
[WhiteTeam "Dunajska Streda"]
[BlackTeam "Mulhouse"]
[TimeControl "40/5400+30:1800+30"]

1. e4 e5 2. Nf3 Nc6 3. Nc3 Nf6 4. d4 exd4 5. Nxd4 Bb4 6. Nxc6 bxc6 7. Bd3 d5 8. exd5 cxd5 9. O-O O-O 10. h3 Rb8 11. Qf3 Rb6 12. Bf4 Re8 13. Nb5 Rb7 14. a3 Bf8 15. b4 c5 16. bxc5 Bxc5 17. c4 Be6 18. Bg5 Rd7 19. Rac1 dxc4 20. Bxc4 Bxc4 21. Rxc4 Be7 22. a4 a6 23. Nc3 h6 24. Be3 Qa8 25. Qxa8 Rxa8 26. Rb1 Bd6 27. Bd4 Be7 28. Be3 Bd6 29. Bd4 Be7 30. Be3 1/2-1/2

[Event "35th European Club Cup 2019"]
[Site "Ulcinj"]
[Date "2019.11.16"]
[Round "7.8"]
[White "Fernandez, Daniel Howard"]
[Black "Bratkovic, Jakob"]
[Result "1-0"]
[ECO "A06"]
[WhiteElo "2444"]
[BlackElo "2308"]
[Annotator "NA"]
[PlyCount "78"]
[EventDate "2019.11.10"]
[EventType "team-tourn"]
[EventCountry "MNE"]
[SourceTitle "playchess.com"]
[Source "ChessBase"]
[SourceQuality "1"]
[WhiteTeam "KGSRL Gent"]
[BlackTeam "Maribor"]
[TimeControl "40/5400+30:1800+30"]

1. Nf3 d5 2. c4 c6 3. e3 Nf6 4. b4 g6 5. Bb2 Bg7 6. Be2 Nbd7 7. O-O O-O 8. a4 Qc7 9. d4 dxc4 10. Bxc4 e5 11. Nbd2 e4 12. Ng5 Nb6 13. Bb3 Bf5 14. Qc2 Rae8 15. b5 h6 16. Nh3 Bxh3 17. gxh3 Qc8 18. Kg2 Nbd7 19. bxc6 bxc6 20. Rac1 c5 21. dxc5 Ne5 22. c6 Nf3 23. Bxf6 Bxf6 24. Nxe4 Qf5 25. Nxf6+ Qxf6 26. Qd1 Re5 27. Qxf3 Rg5+ 28. Qg3 Qe5 29. Rfd1 Rc8 30. Rd4 Rxg3+ 31. hxg3 Rc7 32. Bd1 Kg7 33. Bf3 Qa5 34. Rd7 Qb6 35. Rxc7 Qxc7 36. Rd1 Qa5 37. Rd7 Qxa4 38. Bd5 Qb5 39. Rxf7+ Kg8 1-0

[Event "35th European Club Cup 2019"]
[Site "Ulcinj"]
[Date "2019.11.16"]
[Round "7.9"]
[White "Sokolov, Andrei"]
[Black "Varga, Zoltan"]
[Result "1/2-1/2"]
[ECO "B03"]
[WhiteElo "2497"]
[BlackElo "2424"]
[Annotator "ChessBase"]
[PlyCount "67"]
[EventDate "2019.11.10"]
[EventType "team-tourn"]
[EventCountry "MNE"]
[SourceTitle "playchess.com"]
[Source "ChessBase"]
[SourceQuality "1"]
[WhiteTeam "Mulhouse"]
[BlackTeam "Dunajska Streda"]
[TimeControl "40/5400+30:1800+30"]

1. e4 Nf6 2. e5 Nd5 3. d4 d6 4. c4 Nb6 5. exd6 cxd6 6. Nc3 g6 7. Be3 Bg7 8. Rc1 O-O 9. Nf3 d5 10. c5 Nc4 11. Bxc4 dxc4 12. Qe2 Be6 13. Ng5 Bd5 14. Nxd5 Qxd5 15. O-O b5 16. cxb6 axb6 17. Qxc4 Qxc4 18. Rxc4 Rxa2 19. Rb1 Na6 20. Ne4 b5 21. Rc6 Nb4 22. Rb6 Rfa8 23. g3 Nc2 24. Rxb5 Nxd4 25. Rb7 R2a7 26. Rxa7 Rxa7 27. b4 Rb7 28. Kg2 h6 29. Nc5 Rb5 30. Nd3 Rd5 31. Nf4 Rb5 32. Nd3 Rd5 33. Nf4 Rb5 34. Nd3 1/2-1/2

[Event "35th European Club Cup 2019"]
[Site "Ulcinj"]
[Date "2019.11.16"]
[Round "7.9"]
[White "Mikhalchishin, Adrian"]
[Black "Ris, Robert"]
[Result "1/2-1/2"]
[ECO "D30"]
[WhiteElo "2467"]
[BlackElo "2454"]
[Annotator "ChessBase"]
[PlyCount "60"]
[EventDate "2019.11.10"]
[EventType "team-tourn"]
[EventCountry "MNE"]
[SourceTitle "playchess.com"]
[Source "ChessBase"]
[SourceQuality "1"]
[WhiteTeam "Maribor"]
[BlackTeam "KGSRL Gent"]
[TimeControl "40/5400+30:1800+30"]

1. d4 d5 2. c4 e6 3. Nf3 a6 4. e3 Nf6 5. a3 dxc4 6. Bxc4 c5 7. O-O Nc6 8. dxc5 Bxc5 9. Qxd8+ Kxd8 10. b4 Bd6 11. Bb2 Ke7 12. Nbd2 b5 13. Be2 Bb7 14. Nb3 Rhc8 15. Rfc1 a5 16. bxa5 Nxa5 17. Nxa5 Rxc1+ 18. Rxc1 Bxf3 19. gxf3 Rxa5 20. Bc3 Rxa3 21. Bxb5 Rb3 22. Bc6 Rb8 23. Ra1 Rc8 24. Ra7+ Rc7 25. Rxc7+ Bxc7 26. f4 g6 27. Kg2 Nd5 28. Bd4 Bb6 29. Bxd5 Bxd4 30. Bc6 Bb6 1/2-1/2

[Event "35th European Club Cup 2019"]
[Site "Ulcinj"]
[Date "2019.11.16"]
[Round "7.10"]
[White "Yuffa, Daniil"]
[Black "De Jong, Jan-Willem"]
[Result "1-0"]
[ECO "A06"]
[WhiteElo "2578"]
[BlackElo "2446"]
[Annotator "ChessBase"]
[PlyCount "73"]
[EventDate "2019.11.10"]
[EventType "team-tourn"]
[EventCountry "MNE"]
[SourceTitle "playchess.com"]
[Source "ChessBase"]
[SourceQuality "1"]
[WhiteTeam "Molodezka"]
[BlackTeam "LSG IntelliMagic"]
[TimeControl "40/5400+30:1800+30"]

1. Nf3 d5 2. g3 Nf6 3. Bg2 g6 4. O-O Bg7 5. d3 O-O 6. Nbd2 c5 7. e4 Nc6 8. Re1 Qc7 9. c3 Rd8 10. Qb3 b6 11. h3 dxe4 12. dxe4 h6 13. Qa4 Bd7 14. Qc2 e5 15. Nc4 Be6 16. Ne3 c4 17. g4 Rac8 18. g5 Nh5 19. Nd5 Bxd5 20. exd5 Ne7 21. gxh6 Bf6 22. Ng5 Nxd5 23. Ne6 Qe7 24. Nxd8 Rxd8 25. Bxd5 Rxd5 26. Qe4 Qd8 27. Qxc4 Bg5 28. Bxg5 Qxg5+ 29. Qg4 Qd8 30. Rad1 Nf4 31. Qf3 Rxd1 32. Rxd1 Qg5+ 33. Kh2 Kh7 34. Rd7 Kxh6 35. Rxf7 Nh5 36. Qg4 Qc1 37. h4 1-0

[Event "35th European Club Cup 2019"]
[Site "Ulcinj"]
[Date "2019.11.16"]
[Round "7.10"]
[White "Csonka, Attila Istvan"]
[Black "Papadiamandis, Elliot"]
[Result "1-0"]
[ECO "B95"]
[WhiteElo "2348"]
[BlackElo "2220"]
[Annotator "NA"]
[PlyCount "99"]
[EventDate "2019.11.10"]
[EventType "team-tourn"]
[EventCountry "MNE"]
[SourceTitle "playchess.com"]
[Source "ChessBase"]
[SourceQuality "1"]
[WhiteTeam "Dunajska Streda"]
[BlackTeam "Mulhouse"]
[TimeControl "40/5400+30:1800+30"]

1. e4 c5 2. Nf3 d6 3. d4 Nf6 4. Nc3 cxd4 5. Nxd4 a6 6. Bg5 e6 7. Qf3 h6 8. Bd2 Qb6 9. Nb3 Nbd7 10. Bd3 Qc7 11. O-O Be7 12. Qg3 Nh5 13. Qg4 g6 14. f4 Nhf6 15. Qe2 O-O 16. Rae1 Kg7 17. e5 Nh7 18. Ne4 dxe5 19. fxe5 Nxe5 20. Bf4 Qb6+ 21. Be3 Qc7 22. Bd4 f6 23. Nxf6 Bxf6 24. Rxf6 Nxf6 25. Bxe5 Qe7 26. Qe4 Kg8 27. Qxg6+ Qg7 28. Qxg7+ Kxg7 29. Rf1 b6 30. g4 a5 31. Nd4 a4 32. h4 Ra5 33. Nb5 Bd7 34. c4 a3 35. b4 Ra4 36. Nd6 Kg8 37. Rxf6 Rxf6 38. Bxf6 Rxb4 39. g5 h5 40. Bc3 Ra4 41. Ne4 Be8 42. Nf6+ Kf8 43. Kf2 Ke7 44. Ke3 Bf7 45. g6 Bxg6 46. Bxg6 Rxc4 47. Ne4 b5 48. Kd3 Ra4 49. Bxh5 b4 50. Bd1 1-0

[Event "35th European Club Cup 2019"]
[Site "Ulcinj"]
[Date "2019.11.16"]
[Round "7.10"]
[White "Lemmers, Oscar"]
[Black "Mohr, Georg"]
[Result "1/2-1/2"]
[ECO "C07"]
[WhiteElo "2346"]
[BlackElo "2437"]
[Annotator "NA"]
[PlyCount "53"]
[EventDate "2019.11.10"]
[EventType "team-tourn"]
[EventCountry "MNE"]
[SourceTitle "playchess.com"]
[Source "ChessBase"]
[SourceQuality "1"]
[WhiteTeam "KGSRL Gent"]
[BlackTeam "Maribor"]
[TimeControl "40/5400+30:1800+30"]

1. e4 e6 2. d4 d5 3. Nd2 c5 4. exd5 Qxd5 5. Ngf3 cxd4 6. Bc4 Qd7 7. O-O Nc6 8. Nb3 a6 9. a4 Nf6 10. Bf4 Bd6 11. Bxd6 Qxd6 12. Nbxd4 Nxd4 13. Qxd4 Qxd4 14. Nxd4 Bd7 15. Rfe1 Rc8 16. Be2 g6 17. c4 a5 18. Nb3 b6 19. c5 bxc5 20. Nxa5 Ke7 21. Rec1 Rb8 22. b3 Rhc8 23. Rc2 Nd5 24. Rac1 Kd6 25. Nc4+ Ke7 26. Nd2 Rb4 27. g3 1/2-1/2

[Event "35th European Club Cup 2019"]
[Site "Ulcinj"]
[Date "2019.11.16"]
[Round "7.11"]
[White "Van Wissen, Michiel"]
[Black "Antipov, Mikhail Al."]
[Result "1-0"]
[ECO "B54"]
[WhiteElo "2289"]
[BlackElo "2558"]
[Annotator "ChessBase"]
[PlyCount "63"]
[EventDate "2019.11.10"]
[EventType "team-tourn"]
[EventCountry "MNE"]
[SourceTitle "playchess.com"]
[Source "ChessBase"]
[SourceQuality "1"]
[WhiteTeam "LSG IntelliMagic"]
[BlackTeam "Molodezka"]
[TimeControl "40/5400+30:1800+30"]

1. e4 c5 2. Nf3 d6 3. d4 cxd4 4. Nxd4 Nf6 5. f3 e5 6. Nb3 Be6 7. c4 a5 8. Be3 Be7 9. Nc3 a4 10. Nd2 Qa5 11. Be2 O-O 12. O-O Bd8 13. Kh1 Nfd7 14. Nd5 Bxd5 15. cxd5 b5 16. b4 Qxb4 17. Qc1 Qa5 18. Rb1 Be7 19. Bxb5 Nc5 20. Bxc5 dxc5 21. Nc4 Qc7 22. Qd1 Qa7 23. Nxe5 Bf6 24. Nc4 Bd4 25. f4 Rd8 26. d6 a3 27. Rb3 Qb7 28. e5 Na6 29. Na5 Qb6 30. Nc6 Rf8 31. Ne7+ Kh8 32. Bd3 1-0

[Event "35th European Club Cup 2019"]
[Site "Ulcinj"]
[Date "2019.11.16"]
[Round "7.11"]
[White "Netzer, Jacques"]
[Black "Meszaros, Michal"]
[Result "1/2-1/2"]
[ECO "B91"]
[WhiteElo "2284"]
[BlackElo "2355"]
[Annotator "NA"]
[PlyCount "149"]
[EventDate "2019.11.10"]
[EventType "team-tourn"]
[EventCountry "MNE"]
[SourceTitle "playchess.com"]
[Source "ChessBase"]
[SourceQuality "1"]
[WhiteTeam "Mulhouse"]
[BlackTeam "Dunajska Streda"]
[TimeControl "40/5400+30:1800+30"]

1. e4 c5 2. Nf3 d6 3. d4 cxd4 4. Nxd4 Nf6 5. Nc3 a6 6. g3 e5 7. Nb3 Be7 8. Bg5 Nbd7 9. a4 b6 10. Bc4 Bb7 11. Qe2 O-O 12. Bxf6 Nxf6 13. Rd1 Qc7 14. O-O Rfc8 15. Nd2 Qc5 16. Bb3 d5 17. exd5 Nxd5 18. Nxd5 Bxd5 19. Ne4 Bc4 20. Qf3 Qc6 21. Bxc4 Qxc4 22. Rd7 Qe6 23. Rfd1 h6 24. Nc3 Rab8 25. Nd5 Bd8 26. Nb4 Qf6 27. Qe4 a5 28. R1d6 axb4 29. Rxf6 Bxf6 30. Qxb4 Rxc2 31. a5 e4 32. a6 e3 33. fxe3 Rxb2 34. Qc4 b5 35. Qc5 Re8 36. a7 Bg5 37. Rd3 Re2 38. Qc6 Bxe3+ 39. Rxe3 R2xe3 40. a8=Q Rxa8 41. Qxa8+ Kh7 42. Qb7 Kg8 43. Qxb5 g5 44. Kf2 Re6 45. Kf3 Kg7 46. Kg4 Kg8 47. Kh5 Kg7 48. Qf5 Rg6 49. Qe5+ Kg8 50. Qe8+ Kg7 51. Qe5+ Kg8 52. Kg4 Re6 53. Qb2 Rg6 54. Kf5 Re6 55. Qd4 Rg6 56. Qd8+ Kg7 57. Qd4+ Kg8 58. Qc3 Re6 59. Qa1 Rg6 60. Qd4 Re6 61. Kg4 Rg6 62. Kh5 Re6 63. Qg4 Kg7 64. Qf5 Rg6 65. Qe5+ Kg8 66. h3 Kh7 67. Qf5 Kg7 68. Qe5+ Kh7 69. Qe4 Kg7 70. Qd4+ Kg8 71. Qd3 Kg7 72. Qc3+ Kg8 73. Qc8+ Kg7 74. Qc3+ Kg8 75. Qe5 1/2-1/2

[Event "35th European Club Cup 2019"]
[Site "Ulcinj"]
[Date "2019.11.16"]
[Round "7.11"]
[White "Buzeti, Jernej"]
[Black "Goormachtigh, Johan"]
[Result "1/2-1/2"]
[ECO "B48"]
[WhiteElo "2211"]
[BlackElo "2180"]
[Annotator "NA"]
[PlyCount "79"]
[EventDate "2019.11.10"]
[EventType "team-tourn"]
[EventCountry "MNE"]
[SourceTitle "playchess.com"]
[Source "ChessBase"]
[SourceQuality "1"]
[WhiteTeam "Maribor"]
[BlackTeam "KGSRL Gent"]
[TimeControl "40/5400+30:1800+30"]

1. e4 c5 2. Nf3 e6 3. d4 cxd4 4. Nxd4 Nc6 5. Nc3 Qc7 6. Be3 a6 7. Qd2 Nf6 8. O-O-O Bb4 9. f3 O-O 10. a3 Be7 11. g4 b5 12. g5 Nh5 13. Nce2 b4 14. Nxc6 dxc6 15. Ng3 bxa3 16. b3 Rd8 17. Bd3 g6 18. Nxh5 gxh5 19. f4 a5 20. e5 a4 21. Qc3 axb3 22. cxb3 Ba6 23. Be4 Be2 24. Rde1 Bb5 25. Kb1 Qa5 26. Qxa5 Rxa5 27. Bb6 Rda8 28. Bxa5 Rxa5 29. Ka2 Bb4 30. Rd1 Be2 31. Rd8+ Kg7 32. Rc1 c5 33. Rc2 Bb5 34. h4 Ra7 35. f5 exf5 36. Bxf5 Re7 37. Rd5 Rc7 38. Rd8 Re7 39. Rd5 Rc7 40. Rd8 1/2-1/2

[Event "35th European Club Cup 2019"]
[Site "Ulcinj"]
[Date "2019.11.16"]
[Round "7.12"]
[White "Kryakvin, Dmitry"]
[Black "Van Ketel, Raoul"]
[Result "1-0"]
[ECO "A05"]
[WhiteElo "2605"]
[BlackElo "2212"]
[Annotator "ChessBase"]
[PlyCount "81"]
[EventDate "2019.11.10"]
[EventType "team-tourn"]
[EventCountry "MNE"]
[SourceTitle "playchess.com"]
[Source "ChessBase"]
[SourceQuality "1"]
[WhiteTeam "Molodezka"]
[BlackTeam "LSG IntelliMagic"]
[TimeControl "40/5400+30:1800+30"]

1. Nf3 Nf6 2. c4 e6 3. g3 d5 4. b3 c5 5. Bg2 Nc6 6. O-O Be7 7. e3 O-O 8. Bb2 b6 9. Nc3 Ba6 10. Qe2 Rc8 11. d3 Qd7 12. Rad1 Rfe8 13. h3 h6 14. g4 Rcd8 15. Nb5 Bb7 16. Rfe1 a6 17. Na3 Qc7 18. Rc1 Qb8 19. Red1 d4 20. Nc2 e5 21. Nd2 Bf8 22. Ne4 Nxe4 23. Bxe4 Ne7 24. Qf3 Bxe4 25. Qxe4 Ng6 26. Ne1 Qa8 27. Nf3 Qxe4 28. dxe4 Bd6 29. Kf1 Nf8 30. Ke2 Ne6 31. h4 g6 32. Rh1 Nc7 33. h5 Bf8 34. g5 Rd6 35. gxh6 gxh5 36. Rxh5 Rxh6 37. Rg1+ Kh8 38. Rxe5 Bg7 39. Rxe8+ Nxe8 40. exd4 Nc7 41. e5 1-0

[Event "35th European Club Cup 2019"]
[Site "Ulcinj"]
[Date "2019.11.16"]
[Round "7.12"]
[White "Takacs, Laszlo"]
[Black "Richard, Emma"]
[Result "0-1"]
[ECO "B33"]
[WhiteElo "2239"]
[BlackElo "2157"]
[Annotator "NA"]
[PlyCount "108"]
[EventDate "2019.11.10"]
[EventType "team-tourn"]
[EventCountry "MNE"]
[SourceTitle "playchess.com"]
[Source "ChessBase"]
[SourceQuality "1"]
[WhiteTeam "Dunajska Streda"]
[BlackTeam "Mulhouse"]
[TimeControl "40/5400+30:1800+30"]

1. e4 c5 2. Nf3 Nc6 3. d4 cxd4 4. Nxd4 e5 5. Nb5 d6 6. N1c3 a6 7. Na3 Nf6 8. Bg5 Be6 9. Nc4 Rb8 10. Ne3 Be7 11. Bxf6 Bxf6 12. Ncd5 Bg5 13. g3 O-O 14. Bg2 b5 15. O-O Bxe3 16. Nxe3 Rc8 17. Kh1 Na5 18. f4 f6 19. f5 Bf7 20. a4 b4 21. b3 Qb6 22. Qd2 Kh8 23. Nd5 Bxd5 24. exd5 Rc3 25. Rae1 Rfc8 26. Be4 Nb7 27. Qg2 Qd4 28. Rd1 Qe3 29. Rd3 Rxd3 30. Bxd3 Nc5 31. Qe2 Qxe2 32. Bxe2 a5 33. Bb5 Ne4 34. Bc6 Nc3 35. Re1 Kg8 36. Kg2 Rc7 37. Kf3 Kf7 38. Ke3 Ke7 39. Kd3 Kd8 40. Kd2 Re7 41. Kd3 Kc7 42. g4 Kb6 43. Kc4 Rc7 44. h4 h6 45. g5 fxg5 46. hxg5 Rf7 47. f6 hxg5 48. fxg7 Rxg7 49. Rh1 Rf7 50. Rh8 Rf4+ 51. Kd3 Kc5 52. Rg8 e4+ 53. Kd2 Rf2+ 54. Ke1 Rxc2 0-1

[Event "35th European Club Cup 2019"]
[Site "Ulcinj"]
[Date "2019.11.16"]
[Round "7.12"]
[White "Vanheirzeele, Daniel"]
[Black "Bratkovic, Sham"]
[Result "1/2-1/2"]
[ECO "D02"]
[WhiteElo "2105"]
[BlackElo "2232"]
[Annotator "NA"]
[PlyCount "28"]
[EventDate "2019.11.10"]
[EventType "team-tourn"]
[EventCountry "MNE"]
[SourceTitle "playchess.com"]
[Source "ChessBase"]
[SourceQuality "1"]
[WhiteTeam "KGSRL Gent"]
[BlackTeam "Maribor"]
[TimeControl "40/5400+30:1800+30"]

1. d4 d5 2. Nf3 Nf6 3. g3 c6 4. Bg2 Bf5 5. c4 e6 6. Nc3 Nbd7 7. Qb3 Qc8 8. Nh4 Bg6 9. O-O Bd6 10. Nxg6 hxg6 11. Bg5 Nh7 12. Bd2 Nhf6 13. Bg5 Nh7 14. Bd2 Nhf6 1/2-1/2

[Event "35th European Club Cup 2019"]
[Site "Ulcinj"]
[Date "2019.11.16"]
[Round "7.13"]
[White "Heimann, Andreas"]
[Black "Ivanisevic, Ivan"]
[Result "1/2-1/2"]
[ECO "B10"]
[WhiteElo "2617"]
[BlackElo "2598"]
[Annotator "ChessBase"]
[PlyCount "77"]
[EventDate "2019.11.10"]
[EventType "team-tourn"]
[EventCountry "MNE"]
[SourceTitle "playchess.com"]
[Source "ChessBase"]
[SourceQuality "1"]
[WhiteTeam "Riehen SG"]
[BlackTeam "Sloven Ruma"]
[TimeControl "40/5400+30:1800+30"]

1. e4 c6 2. Nf3 d5 3. d3 dxe4 4. dxe4 Qxd1+ 5. Kxd1 Nd7 6. Bf4 h6 7. h4 Ngf6 8. Nc3 Ng4 9. Bg3 e5 10. Ne1 h5 11. a4 f6 12. Bc4 Nc5 13. Ba2 f5 14. exf5 Bxf5 15. Nf3 O-O-O+ 16. Kc1 g6 17. Re1 Bh6+ 18. Ng5 Bxg5+ 19. hxg5 h4 20. Bxe5 Nxe5 21. Rxe5 h3 22. gxh3 Rxh3 23. b4 Rxc3 24. Rxc5 Rxc5 25. bxc5 a5 26. Bb3 Rd4 27. f3 Rf4 28. Ra3 Kb8 29. Bg8 Rh4 30. Kb2 Ka7 31. Rc3 Rh2 32. Bb3 Rf2 33. Kc1 Kb8 34. Kd1 Rh2 35. f4 Kc7 36. Rc4 Rf2 37. Rd4 Rh2 38. Rd2 Rh3 39. Rd4 1/2-1/2

[Event "35th European Club Cup 2019"]
[Site "Ulcinj"]
[Date "2019.11.16"]
[Round "7.13"]
[White "Noe, Christopher"]
[Black "Bauer, Christian"]
[Result "0-1"]
[ECO "C11"]
[WhiteElo "2533"]
[BlackElo "2624"]
[Annotator "ChessBase"]
[PlyCount "64"]
[EventDate "2019.11.10"]
[EventType "team-tourn"]
[EventCountry "MNE"]
[SourceTitle "playchess.com"]
[Source "ChessBase"]
[SourceQuality "1"]
[WhiteTeam "De Sprenger Echternach"]
[BlackTeam "Zurich SG"]
[TimeControl "40/5400+30:1800+30"]

1. d4 d6 2. e4 Nf6 3. f3 d5 4. e5 Nfd7 5. f4 c5 6. Nf3 Nc6 7. Be3 e6 8. Nc3 Be7 9. Qd2 O-O 10. O-O-O c4 11. f5 b5 12. Bh6 b4 13. Nb5 exf5 14. Qf4 Rb8 15. Rg1 g6 16. Bxc4 dxc4 17. d5 Qa5 18. dxc6 Qxa2 19. cxd7 c3 20. bxc3 Rxb5 21. dxc8=Q Rxc8 22. Kd2 bxc3+ 23. Ke1 Bc5 24. Qh4 Rb1 25. Qf6 Rxd1+ 26. Kxd1 Qb1+ 27. Bc1 Ba3 28. Qg5 h6 29. Qxh6 Rd8+ 30. Ke2 Qxc2+ 31. Bd2 cxd2 32. Rd1 Qc4+ 0-1

[Event "35th European Club Cup 2019"]
[Site "Ulcinj"]
[Date "2019.11.16"]
[Round "7.13"]
[White "Galburd, Yan"]
[Black "Kjartansson, Gudmundur"]
[Result "1-0"]
[ECO "A47"]
[WhiteElo "2429"]
[BlackElo "2454"]
[Annotator "ChessBase"]
[PlyCount "149"]
[EventDate "2019.11.10"]
[EventType "team-tourn"]
[EventCountry "MNE"]
[SourceTitle "playchess.com"]
[Source "ChessBase"]
[SourceQuality "1"]
[WhiteTeam "Rehovot"]
[BlackTeam "Reykjavik CC"]
[TimeControl "40/5400+30:1800+30"]

1. d4 Nf6 2. Nf3 b6 3. Bf4 Bb7 4. e3 Nh5 5. Bg5 h6 6. Bh4 g5 7. Bg3 Nxg3 8. hxg3 Bg7 9. c3 c5 10. Bd3 e6 11. Qe2 Nc6 12. Ba6 Qc8 13. Bxb7 Qxb7 14. Na3 d5 15. g4 O-O 16. O-O Rfe8 17. Rfe1 e5 18. dxe5 Bxe5 19. Rad1 Rad8 20. Nxe5 Rxe5 21. Qf3 Qc8 22. Re2 Qe6 23. Red2 Re4 24. Qf5 Rxg4 25. Qxe6 fxe6 26. b3 Ne5 27. Kf1 Rh4 28. Ke2 Rh2 29. Rg1 g4 30. e4 Nc6 31. Ke3 Rh5 32. f4 d4+ 33. Kf2 e5 34. f5 dxc3 35. Rxd8+ Nxd8 36. Nb5 Nc6 37. Nxc3 Nd4 38. Kg3 Rg5 39. Rh1 Kh7 40. Nd5 Ne2+ 41. Kf2 Nd4 42. Nf6+ Kg7 43. Nd7 Nxf5 44. exf5 Rxf5+ 45. Kg3 e4 46. Re1 Rd5 47. Nb8 Rd2 48. Rxe4 Rxa2 49. Rxg4+ Kf6 50. b4 cxb4 51. Rxb4 Rc2 52. Kh3 Rc8 53. Na6 Kg5 54. Rb5+ Kg6 55. Rd5 Rc3+ 56. g3 Rc4 57. Nb8 Rc8 58. Nd7 Rc2 59. Rd6+ Kg7 60. Ne5 Re2 61. Rd7+ Kf8 62. Ng6+ Kg8 63. Rxa7 b5 64. Rb7 Rb2 65. Nf4 Rb1 66. Nd5 Rb2 67. Nc7 b4 68. Na6 Ra2 69. Nxb4 Ra5 70. Nc6 Rg5 71. Kh4 Rc5 72. Ne7+ Kf7 73. Nf5+ Kg6 74. g4 h5 75. Rb6+ 1-0

[Event "35th European Club Cup 2019"]
[Site "Ulcinj"]
[Date "2019.11.16"]
[Round "7.14"]
[White "Perunovic, Milos"]
[Black "Renet, Olivier"]
[Result "1-0"]
[ECO "C45"]
[WhiteElo "2578"]
[BlackElo "2475"]
[Annotator "ChessBase"]
[PlyCount "75"]
[EventDate "2019.11.10"]
[EventType "team-tourn"]
[EventCountry "MNE"]
[SourceTitle "playchess.com"]
[Source "ChessBase"]
[SourceQuality "1"]
[WhiteTeam "Sloven Ruma"]
[BlackTeam "Riehen SG"]
[TimeControl "40/5400+30:1800+30"]

1. e4 e5 2. Nf3 Nc6 3. d4 exd4 4. Nxd4 Bc5 5. Nb3 Bb6 6. Nc3 Nf6 7. Bg5 h6 8. Bh4 O-O 9. Bd3 g5 10. Bg3 d5 11. exd5 Re8+ 12. Be2 Nb4 13. O-O Bf5 14. d6 cxd6 15. Rc1 d5 16. a3 Nc6 17. Na4 Ne4 18. Bb5 Nxg3 19. hxg3 Bg6 20. Kh2 Re5 21. Nxb6 Qxb6 22. Bd3 Bxd3 23. Qxd3 Rae8 24. Rcd1 Re2 25. Rd2 Rxd2 26. Qxd2 Ne5 27. Qxd5 Ng4+ 28. Kg1 Re2 29. Qf5 Qe6 30. Qd3 Re1 31. Nd4 Rxf1+ 32. Kxf1 Qa2 33. Qe4 Qb1+ 34. Ke2 Nh2 35. Qe8+ Kg7 36. Nf5+ Kf6 37. Ne3 Kg6 38. Qg8+ {Qxb2} 1-0

[Event "35th European Club Cup 2019"]
[Site "Ulcinj"]
[Date "2019.11.16"]
[Round "7.14"]
[White "Pelletier, Yannick"]
[Black "Wiedenkeller, Michael"]
[Result "1/2-1/2"]
[ECO "D20"]
[WhiteElo "2561"]
[BlackElo "2458"]
[Annotator "ChessBase"]
[PlyCount "156"]
[EventDate "2019.11.10"]
[EventType "team-tourn"]
[EventCountry "MNE"]
[SourceTitle "playchess.com"]
[Source "ChessBase"]
[SourceQuality "1"]
[WhiteTeam "Zurich SG"]
[BlackTeam "De Sprenger Echternach"]
[TimeControl "40/5400+30:1800+30"]

1. d4 d5 2. c4 dxc4 3. e4 Nf6 4. e5 Nd5 5. Bxc4 Bf5 6. Qb3 c6 7. Ne2 e6 8. Bxd5 cxd5 9. Qxb7 Nd7 10. Qb3 Be7 11. Qg3 O-O 12. Nbc3 Nb8 13. h4 Kh8 14. Bg5 f6 15. exf6 gxf6 16. Bh6 Rg8 17. Qe3 Nc6 18. O-O Rg4 19. Rfd1 Rxh4 20. Ng3 Bd6 21. Nce2 Bg6 22. Bf4 Qd7 23. Rac1 Rg8 24. Rxc6 Bxf4 25. Qxe6 Qxe6 26. Rxe6 Bc2 27. Rf1 Bd3 28. Rd1 Bc2 29. Rf1 Bd3 30. Re1 Bxg3 31. Nxg3 Rxd4 32. Rd1 Bf5 33. Rxd4 Bxe6 34. Nh5 Rb8 35. b3 f5 36. f3 Rb5 37. Nf4 Bf7 38. Kf2 Kg7 39. Ke3 Kf6 40. Ra4 a5 41. Kd4 h5 42. Ne2 Kg5 43. Nc3 Rb4+ 44. Rxb4 axb4 45. Ne2 h4 46. Ke5 Bh5 47. Nd4 Be8 48. Nxf5 Bb5 49. Ne3 Bd3 50. f4+ Kg6 51. Nxd5 Bf1 52. Ne3 Bd3 53. f5+ Kf7 54. Kf4 Bb1 55. Nc4 Kf6 56. Nd6 Ke7 57. Ne4 Bd3 58. Ke5 Bf1 59. Ng5 Bxg2 60. f6+ Kd7 61. f7 Ke7 62. Kf5 h3 63. Kg6 Bd5 64. Nxh3 Bxf7+ 65. Kg5 Kd6 66. Kf6 Bg8 67. Ng5 Bd5 68. Kf5 Bb7 69. Kf4 Kd5 70. Ke3 Bc8 71. Ne4 Bf5 72. Nf2 Kc5 73. Ne4+ Kd5 74. Nf2 Kc5 75. Nd3+ Bxd3 76. Kxd3 Kd5 77. Ke3 Ke5 78. Kd3 Kd5 {[%emt 0:00:01] Kd4+} 1/2-1/2

[Event "35th European Club Cup 2019"]
[Site "Ulcinj"]
[Date "2019.11.16"]
[Round "7.14"]
[White "Gretarsson, Helgi Ass"]
[Black "Gorodetzky, David"]
[Result "1/2-1/2"]
[ECO "D02"]
[WhiteElo "2415"]
[BlackElo "2488"]
[Annotator "ChessBase"]
[PlyCount "60"]
[EventDate "2019.11.10"]
[EventType "team-tourn"]
[EventCountry "MNE"]
[SourceTitle "playchess.com"]
[Source "ChessBase"]
[SourceQuality "1"]
[WhiteTeam "Reykjavik CC"]
[BlackTeam "Rehovot"]
[TimeControl "40/5400+30:1800+30"]

1. d4 d5 2. Nf3 Nf6 3. g3 e6 4. Bg2 b5 5. O-O Nbd7 6. Nfd2 Be7 7. e4 O-O 8. c3 dxe4 9. Nxe4 Rb8 10. Nxf6+ Nxf6 11. Bg5 Bb7 12. Bxb7 Rxb7 13. Bxf6 Bxf6 14. Qf3 Rb8 15. Nd2 c5 16. Ne4 cxd4 17. Rad1 Be7 18. Rxd4 Qc7 19. Rfd1 Rfd8 20. Qh5 Rxd4 21. Rxd4 g6 22. Qh6 Rd8 23. Ng5 Bxg5 24. Qxg5 Rxd4 25. cxd4 Qc4 26. Qf4 Qxa2 27. Qb8+ Kg7 28. Qe5+ Kg8 29. Qb8+ Kg7 30. Qe5+ Kg8 1/2-1/2

[Event "35th European Club Cup 2019"]
[Site "Ulcinj"]
[Date "2019.11.16"]
[Round "7.15"]
[White "Cvitan, Ognjen"]
[Black "Kosic, Dragan"]
[Result "1/2-1/2"]
[ECO "E53"]
[WhiteElo "2490"]
[BlackElo "2477"]
[Annotator "ChessBase"]
[PlyCount "44"]
[EventDate "2019.11.10"]
[EventType "team-tourn"]
[EventCountry "MNE"]
[SourceTitle "playchess.com"]
[Source "ChessBase"]
[SourceQuality "1"]
[WhiteTeam "Riehen SG"]
[BlackTeam "Sloven Ruma"]
[TimeControl "40/5400+30:1800+30"]

1. d4 Nf6 2. c4 e6 3. Nc3 Bb4 4. e3 O-O 5. Bd3 d5 6. Nf3 c5 7. O-O cxd4 8. exd4 dxc4 9. Bxc4 b6 10. Bg5 Bb7 11. Ne5 Nbd7 12. Qe2 Bxc3 13. bxc3 Rc8 14. Rac1 Nxe5 15. dxe5 Rc5 16. Bd3 Qc7 17. Bxf6 gxf6 18. Bxh7+ Kxh7 19. Qh5+ Kg7 20. Qg4+ Kh7 21. Qh5+ Kg7 22. Qg4+ Kh7 1/2-1/2